Unix NetHack Version 5.0.0-0 post-release - last build May 10 2026 23:12:36 (d1fa5d53e341ca933230fdaa984d921c805b60aa,branch:main).

Game began 2026-05-13 05:11:12, ended 2026-05-13 22:58:03.

Koku, neutral female gnomish Wizard

                                    -----
                              --   --...--   ---
                               .   |.....----..|
                              ..----...........-
                               -............--
                       ---------...........--
                        ....--........^....|
                  .. -   --...............`--
                   -..----..................#----
                    -.......|...................#----
                     -.....-|#..<*..--..#---###.....--
                     ----..##.......|-#.-     #-.....-
                   ---- #.G.%..[%..-- |..      ---....-
           ######.--..#####.[......-- --..        -.....
         ###.#.#......@a|##.......).|   ...         ........
        --..............f##.........|    ..-        --.......-
        |..................^##.--.--..   ...           .......|
        |...###....|...>....|###--- -    ----           .....--
        --.*# ###.---.-------                           --..--
         --#h    -  --                                    ---
Koku the Conjurer         St:11 Dx:17 Co:13 In:19 Wi:11 Ch:11  Neutral
Dlvl:4  $:191 HP:0(28) Pw:5(35) AC:8  Xp:5 T:2819  Hungry   Burdened

Latest messages:
 The spell misses the rock mole.
 In what direction? 8
 The sleep ray hits the rock mole.
 Tulip drops an orcish dagger.
 You hear crashing rock.
 You see here an elf corpse.
 You hit the rock mole.
 You kill the rock mole!
 Where do you want to travel to?
 (For instructions type a '?')
 The gecko bites!
 You kill the gecko!
 Where do you want to travel to?
 (For instructions type a '?')
 You hear crashing rock.
 Where do you want to travel to?
 (For instructions type a '?')
 Tulip misses the giant ant.
 In what direction? 6
 The spell hits the giant ant!
 You kill the giant ant!
 You see here a giant ant corpse.
 You hear crashing rock.
 There is a giant ant corpse here; eat it? [ynq] (n) y
 This giant ant corpse is stringy.
 You stop eating the giant ant corpse.
 The giant ant bites!
 You don't have enough energy to cast that spell.
 You miss the giant ant.
 The giant ant bites!
 You miss the giant ant.
 The giant ant bites!
 The giant ant bites!
 The giant ant bites!
 You miss the giant ant.
 The giant ant bites!
 The giant ant just misses!
 The giant ant bites!
 Tulip eats a partly eaten giant ant corpse.
 The giant ant bites!
 The giant ant bites!
 You hit the giant ant.
 The giant ant bites!
 The giant ant bites!
 You die...
 Do you want your possessions identified? [ynq] (y) y
 Do you want to see your attributes? [ynq] (y) y
 Do you want an account of creatures vanquished? [ynaq] (y) y
 Do you want to see your conduct and achievements? [ynq] (y) y
 Do you want to see the dungeon overview? [ynq] (y) y

Inventory:
 Coins    ('$')
  $ - 191 gold pieces
 Weapons  (')')
  o - 12 blessed +0 darts
  r - 46 +0 darts (at the ready)
  x - a +0 dagger
  K - a +0 elven dagger (weapon in right hand)
  a - a blessed +1 quarterstaff
  T - a cursed -1 trident
 Armor    ('[')
  p - an uncursed +0 pair of elven boots
  X - an uncursed +0 pair of water walking boots
  b - an uncursed +1 cloak of magic resistance (being worn)
 Scrolls  ('?')
  E - a cursed scroll of confuse monster
  t - an uncursed scroll of destroy armor
  j - an uncursed scroll of food detection
  i - an uncursed scroll of gold detection
  k - an uncursed scroll of teleportation
 Spellbooks  ('+')
  F - an uncursed spellbook of blank paper
  l - a blessed spellbook of force bolt
  m - an uncursed spellbook of sleep
 Potions  ('!')
  v - an uncursed potion of booze
  g - 2 uncursed potions of confusion
  z - an uncursed potion of fruit juice
  s - an uncursed potion of gain ability
  G - an uncursed potion of healing
  y - an uncursed potion of levitation
  w - a cursed potion of monster detection
  f - 2 uncursed potions of oil
  D - an uncursed potion of paralysis
  h - an uncursed potion of sickness
 Rings    ('=')
  e - an uncursed ring of conflict
  N - an uncursed ring of searching
  C - an uncursed ring of stealth
  d - an uncursed ring of warning (on right hand)
 Wands    ('/')
  J - a wand of magic missile (0:4)
  c - a wand of speed monster (0:5)
 Tools    ('(')
  V - an uncursed lock pick
  n - a magic marker (0:12)
  L - a +0 pick-axe
  A - an uncursed tin whistle
 Gems/Stones  ('*')
  q - an uncursed ruby
  u - 2 cursed worthless pieces of black glass
  W - 2 uncursed worthless pieces of violet glass

Koku the Wizard's attributes:

Background:
 You were a Conjurer, a level 5 female gnomish Wizard.
 You were neutral, on a mission for Thoth
 who was opposed by Ptah (lawful) and Anhur (chaotic).
 You were right-handed.
 You were in the Gnomish Mines, on level 4.
 You entered the dungeon 2819 turns ago.
 It was nighttime.
 You had 219 experience points, 101 more were needed to attain level 6.

Basics:
 You had 0 out of 28 hit points.
 You had 5 out of 35 energy points (spell power).
 Your armor class was 8.
 Your wallet contained 191 zorkmids.
 Autopickup was off.

Final Characteristics:
 Your strength was 11 (limit:18/50).
 Your dexterity was 17 (limit:18).
 Your constitution was 13 (limit:18).
 Your intelligence was 19 (limit:19).
 Your wisdom was 11 (limit:18).
 Your charisma was 11 (limit:18).

Final Status:
 You were hungry.
 You were burdened; movement was slightly slowed.
 You were wielding a dagger.
 You had basic skill with dagger.

Final Attributes:
 You were piously aligned.
 You were magic-protected.
 You were telepathic.
 You were warned.
 You had infravision.
 You were warded.
 You are dead.

Miscellaneous:
 You didn't encounter any bones levels.
 Total elapsed playing time was 21 minutes and 23 seconds.

Major events:
 Turn
    1: Koku the neutral female gnomish Wizard entered the dungeon
  804: attained the rank of Conjurer (level 3)
 1237: entered the Gnomish Mines
 2819: killed by a giant ant

Spells:
 Name                 Level Category     Fail Retention
 force bolt             1   attack         0%   81%-90%
 sleep                  3   enchantment    0%   81%-90%

Skills:
 Fighting Skills
   bare handed combat [Unskilled]
   riding             [Unskilled]
 Weapon Skills
   dagger             [Basic]
   knife              [Unskilled]
   axe                [Unskilled]
   short sword        [Unskilled]
   club               [Unskilled]
   mace               [Unskilled]
   quarterstaff       [Basic]
   polearms           [Unskilled]
   spear              [Unskilled]
   trident            [Unskilled]
   sling              [Unskilled]
   dart               [Unskilled]
   shuriken           [Unskilled]
 Spellcasting Skills
   attack spells      [Basic]
   healing spells     [Unskilled]
   divination spells  [Unskilled]
   enchantment spells [Basic]
   clerical spells    [Unskilled]
   escape spells      [Unskilled]
   matter spells      [Unskilled]

Voluntary challenges:
 Character rerolling was not enabled.
 You never genocided any monsters.
 You never polymorphed an object.
 You never changed form.
 You used no wishes.
Achievements:
 You entered a shop.
 You attained the rank of Conjurer.
 You entered the Gnomish Mines.

 The Dungeons of Doom: levels 1 to 3
    Level 1:
       An altar.
    Level 2:
       A general store.
       Stairs down to The Gnomish Mines.
    Level 3:
 The Gnomish Mines: levels 3 to 4
    Level 3:
    Level 4: <- You were here.
       Final resting place for
          you, killed by a giant ant.


Vanquished creatures:
  a rock mole
  a gray ooze
  3 elf zombies
  a giant ant
  2 floating eyes
  2 dwarves
  2 hill orcs
  3 hobbits
  a large kobold
  a hobgoblin
  a giant rat
  a cave spider
  a red mold
  7 gnomes
  2 gnome zombies
  4 geckos
 10 jackals
  4 kobolds
  3 goblins
  2 sewer rats
  a grid bug
  4 lichens
  a kobold zombie
 10 newts
68 creatures vanquished.

No species were genocided or became extinct.

Game over:
                       ----------
                      /          \
                     /    REST    \
                    /      IN      \
                   /     PEACE      \
                  /                  \
                  |       Koku       |
                  |      191 Au      |
                  |   killed by a    |
                  |    giant ant     |
                  |                  |
                  |                  |
                  |       2026       |
                 *|     *  *  *      | *
        _________)/\\_//(\/(/\)/\//\/|_)_______

Goodbye Koku the Wizard...

You died in The Gnomish Mines on dungeon level 4 with 1198 points,
and 191 pieces of gold, after 2819 moves.
You were level 5 with a maximum of 28 hit points when you died.

